 Dungeon Sprint DCSS version 0.30-a0-534-gdc55766716 (webtiles) character file.

Game seed: 10960109503813149864

86 rocky1 the Carver (level 4, -1/39 HPs)
             Began as a Merfolk Gladiator on Dec 25, 2022.
             Slain by a shadow (2 damage)
             ... in the Dungeon (Sprint III: "The Ten Rune Challenge").
             The game lasted 00:00:54 (460 turns).

rocky1 the Carver (Merfolk Gladiator)                Turns: 460, Time: 00:00:55

Health: -1/39      AC:  4    Str: 14    XL:     4   Next: 50%
Magic:  4/4        EV: 15    Int:  7    God:
Gold:   31         SH:  0    Dex: 17    Spells: 3/3 levels left

rFire   . . .      SeeInvis .    a - +0 long sword
rCold   . . .      Faith    .    (no shield)
rNeg    . . .      Spirit   .    b - +0 leather armour
rPois   .          Reflect  .    c - +0 helmet
rElec   .          Harm     .    (no cloak)
rCorr   .          Rampage  .    (no gloves)
Will    .....      NoTele   +    (no boots)
Stlth   +                        (no amulet)
HPRegen 0.26/turn                (no ring)
MPRegen 0.09/turn                (no ring)

@: no status effects
A: (nimble swimmer 2), mertail
a: no special abilities


You were in the Dungeon.
You visited 1 branch You collected 31 gold pieces.

Inventory:

Hand Weapons
 a - a +0 long sword (weapon)
Missiles
 d - 2 throwing nets (quivered)
 e - a javelin
Armour
 b - a +0 leather armour (worn)
 c - a +0 helmet (worn)
Scrolls
 k - a scroll of blinking
 m - 2 scrolls of poison {unknown}
 n - a scroll of amnesia {unknown}
 o - a scroll of identify {unknown}
Potions
 f - a potion of curing
 g - a potion of heal wounds
 h - 4 potions of haste
 i - 2 potions of magic
 l - a potion of lignification {unknown}
 p - 5 potions of mutation


   Skills:
 + Level 5.0 Fighting
 * Level 8.1 Long Blades
 - Level 2.0 Throwing
 + Level 6.8 Dodging


You had 3 spell levels left.
You didn't know any spells.
Your spell library was empty.

Dungeon Overview and Level Annotations

Branches:
Dungeon (1/1)

Altars:


Innate Abilities, Weirdness & Mutations

((You are very nimble when in or above water. (Stealth+, EV+, Speed+++)))
Your lower body shifts to a powerful aquatic tail in water.


Message History

You open the door.
A jelly comes into view.
A shadow comes into view.
The jelly quivers.
There is an open door here.
You closely miss the shadow. The shadow closely misses you.
You barely miss the shadow. The shadow closely misses you.
You slash the shadow!
The shadow is moderately damaged.
The shadow misses you.
You hit the shadow.
The shadow is heavily damaged.
The shadow hits you!
You hit the shadow but do no damage.
The shadow is heavily damaged.
The shadow barely misses you.
You barely miss the shadow.
The shadow is heavily damaged.
The shadow hits you.
You hit the shadow but do no damage.
The shadow is heavily damaged.
The shadow slips into darkness.
The shadow flickers and vanishes!
Deactivating autopickup; reactivate with Ctrl-A.
You closely miss something.
The shadow strikes at you from the darkness!
Reactivating autopickup.
You hit the shadow.
The shadow is heavily damaged.
The shadow slips into darkness.
The shadow flickers and vanishes!
Deactivating autopickup; reactivate with Ctrl-A.
You hit something.
The shadow strikes at you from the darkness!
* * * LOW HITPOINT WARNING * * *
Reactivating autopickup.
You hit the shadow.
The shadow is severely damaged.
The shadow hits you.
You die...

▓ ▓▓▓ ♣♣ ♣.# .♣
♣.# .♣ ♣♣.#
.♣♣♣..###+#+###+##
.♣♣...#..........#
~.♣.♣.'.⌠.......@#
~~~♣♣.#...######W#
~~....#.⌠.# #..J#
~.....#...# #...#
......#+### #...#
......# #...+
......# +...#
▓▓▓▓▓▓▓ ▓▓▓▓▓


You could see a shadow and a jelly.

Vanquished Creatures
  A water elemental (D)
  A human (D)
  A phantom (D)
  An endoplasm (D)
  3 rats (D)
7 creatures vanquished.

Notes
Turn   | Place    | Note
-------+----------+-------------------------------------------
     0 | D        | rocky1 the Merfolk Gladiator began the quest for the Orb.
     0 | D        | Reached XP level 1. HP: 16/16 MP: 1/1
    10 | D        | Reached skill level 4 in Long Blades
    51 | D        | Reached skill level 5 in Long Blades
    51 | D        | Reached skill level 5 in Dodging
    51 | D        | Reached XP level 2. HP: 7/24 MP: 2/2
   265 | D        | Reached skill level 6 in Long Blades
   265 | D        | Reached XP level 3. HP: 30/30 MP: 3/3
   300 | D        | Noticed a water elemental
   306 | D        | Killed a water elemental
   307 | D        | Reached skill level 5 in Fighting
   307 | D        | Reached skill level 8 in Long Blades
   307 | D        | Reached XP level 4. HP: 37/39 MP: 4/4
   448 | D        | Noticed a shadow
   459 | D        | HP: 1/39 [something (19)]
   460 | D        | Slain by a shadow

Illustrated notes

Levels and vault maps discovered:
D:        dungeon_sprint_mu [sprint_mu_entry_forest, sprint_mu_temple_rooms,
          sprint_mu_d1_spiders, sprint_mu_d2_genie, sprint_mu_d3_branching,
          sprint_mu_orc_legion, sprint_mu_elf_gauntlet, sprint_mu_hive_nellie,
          sprint_mu_lair_fedhas, sprint_mu_vaults_butterflies,
          sprint_mu_slime_circle, sprint_mu_swamp_cave, sprint_mu_shoals_kraken,
          sprint_mu_blade_basic, sprint_mu_crypt_chambers,
          sprint_mu_tomb_spiral, sprint_mu_vestibule_basic,
          sprint_mu_gehenna_hellfire, sprint_mu_dis_giant,
          sprint_mu_tartarus_statrot, sprint_mu_cocytus_islands, sprint_mu_zot1]

Skill      XL: |  1  2  3 |
---------------+----------+-----
Long Blades    | 5 6 8 |  8.1
Fighting       | 3 5 |  5.0
Dodging        | 5 6 |  6.8
Throwing       | |  2.0

Action                   |  1- 3 |  4- 6 || total
-------------------------+-------+-------++-------
Melee: Long sword        |    25 |    11 ||    36
       Tailslap          |     1 |       ||     1
Throw: Throwing net      |     1 |       ||     1
  Use: Potion            |     1 |       ||     1
 Stab: Sleeping          |     3 |       ||     3
Armor: Leather armour    |     4 |       ||     4
Dodge: Dodged            |     8 |     4 ||    12

Table legend: (Time is in decaauts)
 A = Elapsed time spent in this place.
 B = Non-inter-level travel time spent in this place.
 C = Inter-level travel time spent in this place.
 D = Time resting spent in this place.
 E = Time spent auto-exploring this place.
 F = Levels seen in this place.
 G = Mean time per level.
                   A        B        C        D        E       F      G
               +--------+--------+--------+--------+--------+-----+--------+
         Total |    468 |    468 |      0 |    346 |      1 |   1 |  468.0 |
       Dungeon |    468 |    468 |      0 |    346 |      1 |   1 |  468.0 |
               +--------+--------+--------+--------+--------+-----+--------+

Top non-repeatable levels by time:
       D: 468 daAuts
